AoeStats
← UgurtheGreat

Highland

505934138Analyzed
2v2 RM · 19d ago on Sep 11, 2026· 47m 3s· 4 players
Game mode
Random Map
Map size
Medium (4 player)
Population
200
Speed
Normal
Resources
Standard
Victory
Conquest
Starting age
Dark Age
Ending age
Imperial Age
RankedLock teamsTeams togetherTeam positionsShared explorationLock speedFull tech treeHidden civsTurbo modeCheats
Victory
Defeat
🇺🇸 Chinese · United States
1125
+13
🇹🇷 Slavs · Türkiye
1113
+13
🇮🇹 Poles · Italy
1061
-13
🇹🇷 Slavs · Türkiye
1055
-13
kurosawa
3:01 Loom
10:52 Feudal Age
19:39 Castle Age
17:51 Double-Bit Axe
18:09 Horse Collar
18:34 Gold Mining
19:54 Stone Mining
20:47 Medium Warships
20:59 Bow Saw
21:54 Wheelbarrow
23:05 Gold Shaft Mining
22:33 Town Watch
24:12 Hand Cart
25:47 Sanctity
26:20 Caravan
29:27 Forging
29:17 Scale Mail Armor
29:23 Scale Barding Armor
29:19 Padded Archer Armor
29:10 Fletching
30:38 Heavy Plow
31:56 Coinage
32:34 Iron Casting
32:15 Chain Mail Armor
32:11 Detinets
33:19 Town Patrol
37:22 Imperial Age
35:22 Chain Barding Armor
35:49 Town Patrol
35:16 Pikeman
35:57 Squires
37:07 Bodkin Arrow
37:28 Leather Archer Armor
37:30 Elite Boyar
38:28 Husbandry
39:31 Chemistry
38:56 Conscription
40:05 Blast Furnace
39:40 Banking
40:04 Theocracy
40:18 Crop Rotation
40:16 Druzhina
41:04 Heavy Scorpion
44:21 Plate Mail Armor
44:27 Plate Barding Armor
44:24 Ring Archer Armor
xCONTORTIONISTx
0:26 Loom
10:15 Feudal Age
12:33 Double-Bit Axe
15:15 Fletching
16:12 Gold Mining
19:27 Castle Age
18:06 Horse Collar
18:58 Town Watch
19:41 Crossbowman
20:49 Bodkin Arrow
21:03 Squires
23:32 Bow Saw
25:57 Scale Mail Armor
27:36 Wheelbarrow
27:41 Medium Warships
27:52 Chain Mail Armor
27:50 Forging
31:01 Hand Cart
32:03 Town Patrol
35:08 Imperial Age
32:15 Pikeman
33:28 Caravan
36:01 Bracer
36:09 Thumb Ring
36:07 Padded Archer Armor
37:02 Heavy Warships
37:47 Two-Man Saw
36:22 Halberdier
37:52 Conscription
37:56 Rocketry
38:09 Ballistics
38:51 Chemistry
38:22 Masonry
38:48 Bloodlines
38:39 Husbandry
38:57 Leather Archer Armor
39:17 Iron Casting
38:48 Scale Barding Armor
39:37 Elite Chu Ko Nu
41:31 Ring Archer Armor
42:02 Blast Furnace
40:27 Light Cavalry
42:01 Elite Fire Lancer
42:28 Arson
44:24 Plate Mail Armor
44:15 Chain Barding Armor
45:33 Arbalester
48:11 Plate Barding Armor
klaushofer
3:06 Loom
11:06 Feudal Age
11:34 Horse Collar
11:41 Double-Bit Axe
13:03 Loom
19:25 Castle Age
17:29 Stone Mining
18:24 Scale Barding Armor
19:09 Bloodlines
20:28 Heavy Plow
19:53 Light Cavalry
21:08 Husbandry
23:31 Bow Saw
28:39 Chain Barding Armor
30:21 Forging
30:07 Fletching
31:01 Wheelbarrow
31:53 Iron Casting
32:13 Bodkin Arrow
32:39 Hand Cart
36:03 Szlachta Privileges
38:57 Imperial Age
37:37 Gold Mining
39:02 Capped Ram
39:07 Cavalier
40:52 Blast Furnace
41:15 Crop Rotation
40:23 Winged Hussar
47:03 Conscription
UgurtheGreat
9:21 Loom
9:29 Loom
11:33 Feudal Age
16:33 Castle Age
14:57 Double-Bit Axe
18:47 Wheelbarrow
24:34 Town Watch
25:10 Bow Saw
28:59 Hand Cart
32:40 Imperial Age
30:48 Ballistics
31:27 Scale Mail Armor
31:38 Forging
31:18 Fletching
31:51 Squires
31:40 Man-at-Arms
33:30 Siege Engineers
33:56 Onager
34:07 Long Swordsman
36:10 Chemistry
36:00 Chain Mail Armor
36:14 Two-Handed Swordsman
37:50 Champion
38:06 Siege Onager
40:11 Plate Mail Armor
40:16 Iron Casting
40:17 Detinets
39:42 Champion
40:34 Pikeman
43:02 Fletching
44:13 Blast Furnace
42:41 Halberdier
Connection lost

Rejoining the realm…

Still unreachable

The connection could not be restored.

Session expired

The server has moved on; the page needs a fresh start.